 Dungeon Crawl Stone Soup version 0.19.3-4-gbf9329e (console) character file.

115655 Kloppie the Severer (level 16, 0/186 HPs)
             Began as a Demonspawn Berserker on Jan 29, 2017.
             Was the Champion of Trog.
             Succumbed to a swamp dragon's poison gas
             ... on level 3 of the Swamp.
             The game lasted 00:47:13 (30490 turns).

Kloppie the Severer (Demonspawn Berserker)         Turns: 30490, Time: 00:47:14

Health: 0/186      AC: 31    Str: 22    XL:     16   Next: 19%
Magic:  9/25       EV: 10    Int:  9    God:    Trog [******]
Gold:   2057       SH: 18    Dex: 18    Spells: 0 memorised, 15 levels left

rFire  . . .     SeeInvis +     a - +14 obsidian axe {chop, +Fly SInv *Curse} (curse)
rCold  + + +     Gourm    .     F - +0 pearl dragon scales
rNeg   + . .     Faith    .     I - +5 shield "Icluczed" {+Fly rElec rC+++ Str-2}
rPois  .         Spirit   +     y - +1 helmet
rElec  +         Reflect  .     w - +2 cloak
rCorr  .         Harm     .     (no gloves)
MR     +....                    G - +1 pair of boots {run}
Stlth  ..........               g - amulet of guardian spirit
                                E - +3 ring of protection
                                Q - ring of magical power

@: berserking, lethally poisoned (0 -> -144), mesmerised, very quick
A: claws 1, iridescent scales 2, demonic guardian 1, foul stench 2, rot immunity
a: Berserk, Trog's Hand, Brothers in Arms, Burn Spellbooks, Renounce Religion,
Evoke Flight


You were on level 3 of the Swamp.
You worshipped Trog.
Trog was exalted by your worship.
You were very hungry.

You visited 4 branches of the dungeon, and saw 26 of its levels.
You also visited: Ossuary and Ice Cave.

You collected 3151 gold pieces.
You spent 1094 gold pieces at shops.

Inventory:

Hand Weapons
 a - the cursed +14 obsidian axe (weapon) {chop, +Fly SInv *Curse}
   (You acquired it in an ossuary)

   It inflicts extra damage upon your enemies.
   It lets you see invisible.
   It lets you fly.
   It may re-curse itself when equipped.
   It has a curse placed upon it.
 b - a +2 hand axe of flaming
 n - a +1 war axe of electrocution
 L - a +2 vampiric broad axe
Armour
 j - the +18 shield of the Gong {rElec rN+ MR+ EV-5}
   (You found it on level 4 of the Dungeon)

   It affects your evasion (-5).
   It insulates you from electricity.
   It protects you from negative energy.
   It affects your resistance to hostile enchantments.
 w - a +2 cloak (worn)
 y - a +1 helmet (worn)
 F - +0 pearl dragon scales (worn)
 G - a +1 pair of boots of running (worn)
 I - the +5 shield "Icluczed" (worn) {+Fly rElec rC+++ Str-2}
   (You bought it in a shop on level 2 of the Orcish Mines)

   It affects your strength (-2).
   It renders you almost immune to cold.
   It insulates you from electricity.
   It lets you fly.
Jewellery
 g - an amulet of guardian spirit (around neck)
 m - an uncursed ring of protection from fire
 q - an uncursed amulet of faith
 x - an uncursed ring of resist corrosion
 E - a +3 ring of protection (right claw)
 N - an uncursed ring of positive energy
 Q - a ring of magical power (left claw)
 T - an uncursed ring of magical power
Wands
 l - a wand of digging (21/24)
 t - a wand of acid (9/15)
 v - a wand of disintegration (21/24)
 D - a wand of iceblast (12/15)
Scrolls
 d - 15 scrolls of remove curse
 o - 4 scrolls of fear
 s - 12 scrolls of teleportation
 u - 6 scrolls of magic mapping
 A - 12 scrolls of identify
 K - 5 scrolls of fog
 P - a scroll of enchant weapon
 R - 3 scrolls of blinking
Potions
 e - 2 potions of might
 h - 3 potions of lignification
 i - a potion of cancellation
 k - 14 potions of curing
 B - 3 potions of brilliance
 C - a potion of resistance
 H - a potion of magic
 M - 2 potions of heal wounds
 O - 2 potions of agility
 S - a potion of flight
Comestibles
 c - 15 bread rations
 f - 27 fruits
 p - 5 meat rations
 r - 4 beef jerkies
 z - 15 slices of pizza
 J - 11 chunks of flesh


   Skills:
 - Level 10.8 Fighting
 + Level 17.2 Axes
 - Level 13.4 Armour
 - Level 1.7 Dodging
 - Level 12.2 Shields


You had 15 spell levels left.
You didn't know any spells.

Dungeon Overview and Level Annotations

Branches:
Dungeon (15/15)            Temple (0/1) D:7            Lair (6/6) D:9
  Swamp (3/4) Lair:4       Spider (0/4) Lair:3        Slime (0/5) Lair:6
    Orc (2/2) D:12            Elf (0/3) Orc:2        Vaults (0/5) D:13
 Depths (0/5) D:15

Altars:
Ashenzari
Cheibriados
Elyvilon
Gozag
Hepliaklqana
Makhleb
Nemelex Xobeh
Okawaru
Ru
Sif Muna
Trog
Uskayaw
Vehumet
Zin
The Shining One
Beogh
Jiyva

Shops:
D:8 %   D:13 [   Orc:1 ::[   Orc:2 *[*(


Innate Abilities, Weirdness & Mutations

You have sharp fingernails.
You are mostly covered in iridescent scales. (AC +4)
A weak demonic guardian rushes to your aid.
You frequently emit foul miasma when damaged in melee.
You are immune to rotting.


Message History

You are engulfed in poison gas.
You are more poisoned.
* * * LOW HITPOINT WARNING * * *
* * * LOW HITPOINT WARNING * * *
You feel very sick.
The swamp dragon bites you but does no damage.
The swamp dragon barely misses you. You block the swamp dragon's attack.
* * * LOW HITPOINT WARNING * * *
You feel very sick.
You block the swamp dragon's attack. x2; The swamp dragon tramples you.
* * * LOW HITPOINT WARNING * * *
You hold your ground!
You hit the swamp dragon.
The swamp dragon is almost dead.
* * * LOW HITPOINT WARNING * * *
You feel very sick.
You completely miss the swamp dragon.
The swamp dragon is almost dead.
You die...

♣≈≈♣..♣≈≈≈≈♣♣
♣≈≈≈....≈♣≈.♣
♣♣≈≈≈.≈♣...§§♣
♣.≈♣♣.≈≈≈.≈.♣♣
♣♣≈≈...≈...≈.♣
♣≈≈.≈≈...♣.≈.♣
♣♣.≈§≈≈...≈...♣
♣.♣♣♣≈≈D≈≈≈..≈≈..♣♣♣
♣...§≈@....≈≈≈.≈.≈♣♣♣
♣.♣♣♣♣♣♣.♣♣♣≈♣♣♣♣♣≈≈.♣
♣♣♣ ♣♣♣ ♣♣♣♣♣


You could see a swamp dragon.

Vanquished Creatures
  Rupert (Orc:2)
  Gastronok (Orc:1)
  The ghost of baghtru the Tortoise, a journeyman HOFi of the Shining One (D:15)
  Azrael (D:15)
  2 fire dragons (Lair:6)
  An ettin (D:15)
  Josephine (Orc:1)
  2 vault guards (D:13)
  4 hydras
  2 centaur warriors
  The ghost of BogdanSil the Basher, a novice DDHu of Trog (Lair:1)
  6 death yaks
  5 tengu warriors
  5 alligators
  A death knight (D:15)
  3 ogre magi
  An orc high priest (Orc:2)
  3 skeletal warriors (D:11)
  2 unseen horrors
  A deep troll (D:15)
  A deep elf archer (D:15)
  A lindwurm (Lair:6)
  The ghost of sheala the Thaumaturge, a novice DECj of Vehumet (D:9)
  5 hill giants
  A necromancer (IceCv)
  3 orc knights
  4 orc sorcerers
  2 ugly things
  4 deep elf magi
  2 manticores (D:14)
  2 cyclopes
  2 elephants (Lair:2)
  An ice statue (IceCv)
  4 black mambas
  Psyche (D:9)
  4 molten gargoyles (D:10)
  5 torpor snails
  14 spiny frogs
  10 rime drakes
  A centaur skeleton (D:12)
  A demonic crawler (Lair:3)
  9 freezing wraiths (IceCv)
  2 yaktaurs
  A kobold demonologist (D:15)
  10 komodo dragons
  2 tengu conjurers (D:14)
  A harpy zombie (D:12)
  6 trolls
  10 hornets
  A polar bear (Lair:2)
  3 meliai (D:13)
  A queen bee (Lair:2)
  12 tyrant leeches
  2 slime creatures (Swamp:3)
  6 two-headed ogres
  2 dream sheep (D:9)
  2 bog bodies (Swamp:1)
  6 hippogriffs
  7 blink frogs (Lair:2)
  2 shadows
  4 wraiths (Orc:1)
  A water elemental (D:12)
  39 yaks
  A spriggan (Swamp:2)
  A wyvern (Lair:2)
  A fire elemental (D:15)
  3 fire bats (Lair:3)
  A hungry ghost (D:12)
  A steam dragon (Lair:2)
  7 basilisks
  8 vampire mosquitoes
  Edmund (D:5)
  3 mottled dragons
  A death yak simulacrum (IceCv)
  4 insubstantial wisps (Swamp:3)
  6 swamp worms
  2 hell hounds (D:15)
  12 water moccasins
  4 swamp drakes
  10 porcupines
  2 black bears
  5 sky beasts
  11 ice beasts
  19 orc warriors
  3 phantoms
  16 ogres
  The ghost of Kloppie the Skirmisher, an amateur DsBe of Trog (D:3)
  5 wolves
  10 centaurs
  17 crocodiles
  4 big kobolds
  12 bullfrogs
  Blork the orc (D:5)
  2 wyvern zombies
  7 scorpions
  22 killer bees
  2 wights (D:7)
  A lava snake (D:10)
  4 electric eels
  2 howler monkeys
  2 vampire bats (Lair:2)
  3 centaur zombies
  7 crimson imps
  A bullfrog zombie (D:12)
  2 hounds (D:8)
  4 draconian simulacra (IceCv)
  3 jellies
  20 orc priests
  3 bullfrog skeletons
  29 orc wizards
  6 iguanas
  16 worker ants
  2 spriggan simulacra (IceCv)
  7 troll simulacra (IceCv)
  A killer bee zombie (D:7)
  3 wolf simulacra (IceCv)
  A centaur simulacrum (IceCv)
  2 hound zombies
  A mummy (Ossuary)
  3 gnolls (D:2)
  An ogre simulacrum (IceCv)
  13 adders
  A naga simulacrum (IceCv)
  A river rat (D:9)
  A shadow imp (D:8)
  11 white imps (IceCv)
  2 oozes
  2 adder skeletons
  7 worms
  3 dart slugs
  8 leopard geckos
  81 orcs
  A ball python (D:4)
  8 giant cockroaches
  6 goblins
  7 hobgoblins
  3 jackals (D:1)
  6 quokkas
  18 bats
  11 frilled lizards
  10 gnoll skeletons (Ossuary)
  15 kobolds
  A kobold skeleton (Ossuary)
  14 orc skeletons (Ossuary)
  7 rats
  2 briar patches (Swamp:1)
  8 fungi
  8 plants
826 creatures vanquished.

Vanquished Creatures (collateral kills)
  A thorn hunter (Swamp:1)
  An ettin (Orc:1)
  Harold (Orc:1)
  A catoblepas (D:14)
  3 hydras
  A vault guard (D:13)
  2 centaur warriors
  An alligator (Swamp:1)
  2 orc high priests (Orc:2)
  A deep elf knight (D:13)
  Sonja (D:13)
  4 spriggans
  A spriggan druid (Swamp:2)
  A lindwurm (Lair:6)
  A swamp dragon (Swamp:3)
  3 orc knights
  A deep elf archer (D:15)
  An orc sorcerer (Orc:2)
  5 ugly things (D:14)
  A cyclops (D:13)
  Joseph (D:9)
  2 torpor snails (Lair:6)
  A centaur skeleton (D:14)
  A gargoyle (D:14)
  A spiny frog (Swamp:2)
  A freezing wraith (IceCv)
  3 komodo dragons
  A troll (Orc:1)
  A two-headed ogre (D:15)
  3 slime creatures (Swamp:3)
  A tyrant leech (Swamp:2)
  A bog body (Swamp:2)
  3 hornets
  3 hippogriffs
  A blink frog (Lair:2)
  2 wraiths
  3 yaks
  A basilisk (Lair:2)
  A hungry ghost (D:14)
  2 vampire mosquitoes (Swamp:2)
  A swamp worm (Swamp:2)
  An insubstantial wisp (Swamp:3)
  A black bear (D:8)
  5 orc warriors
  7 ice beasts
  A phantom (D:9)
  4 ogres
  A centaur (D:14)
  2 bullfrogs
  4 killer bees (Lair:2)
  A wight (D:7)
  A draconian simulacrum (IceCv)
  4 orc wizards
  A troll simulacrum (IceCv)
  A worker ant (D:7)
  A naga simulacrum (IceCv)
  An ogre simulacrum (IceCv)
  A river rat (Lair:2)
  A white imp (IceCv)
  8 orcs
  A giant cockroach (D:5)
114 creatures vanquished.

Vanquished Creatures (others)
  A hydra (Swamp:3)
  A quokka (D:5)
  4 fungi
  20 plants
26 creatures vanquished.

Grand Total: 966 creatures vanquished

Notes
Turn   | Place    | Note
-------+----------+-------------------------------------------
     0 | D:1      | Kloppie the Demonspawn Berserker began the quest for the Orb.
     0 | D:1      | Reached XP level 1. HP: 18/18 MP: 1/1
    62 | D:1      | Reached skill level 3 in Axes
   165 | D:1      | Gained mutation: A weak demonic guardian rushes to your aid. [demonic ancestry]
   165 | D:1      | Reached XP level 2. HP: 24/24 MP: 2/2
   734 | D:1      | Reached XP level 3. HP: 16/29 MP: 3/3
  1249 | D:1      | Reached ** piety under Trog
  1874 | D:2      | Found a burning altar of Makhleb.
  1875 | D:2      | Noticed a balrug
  1877 | D:2      | Found a glowing silver altar of Zin.
  1878 | D:2      | Noticed an angel
  1894 | D:2      | Reached XP level 4. HP: 20/37 MP: 4/4
  2254 | D:2      | Noticed a hand axe
  2255 | D:2      | Noticed a hand axe
  2255 | D:2      | Found a hide-covered altar of Uskayaw.
  2637 | D:2      | Reached XP level 5. HP: 39/43 MP: 5/5
  3064 | D:2      | Found a bloodstained altar of Trog.
  3186 | D:3      | Reached skill level 4 in Axes
  3294 | D:3      | Found a glowing golden altar of the Shining One.
  3476 | D:3      | Noticed Kloppie's ghost (amateur DsBe)
  3493 | D:3      | Killed Kloppie's ghost
  3494 | D:3      | Reached *** piety under Trog
  3494 | D:3      | Reached XP level 6. HP: 49/49 MP: 6/6
  3999 | D:4      | Found a sacrificial altar of Ru.
  3999 | D:4      | Found a sparkling altar of Nemelex Xobeh.
  4516 | D:4      | Found a deep blue altar of Sif Muna.
  4516 | D:4      | Found a faded altar of an unknown god.
  4521 | D:4      | Found a faded altar of an unknown god.
  4524 | D:4      | Found a faded altar of an unknown god.
  4534 | D:4      | Found a faded altar of an unknown god.
  4827 | D:4      | Gained mutation: You are immune to rotting. [demonic ancestry]
  4827 | D:4      | Reached XP level 7. HP: 52/55 MP: 7/7
  4902 | D:5      | Entered Level 5 of the Dungeon
  4970 | D:5      | Reached skill level 5 in Axes
  5016 | D:5      | Reached skill level 5 in Armour
  5022 | D:5      | Noticed Blork the orc
  5035 | D:5      | Killed Blork the orc
  5436 | D:5      | Received a gift from Trog
  5471 | D:5      | Found a white marble altar of Elyvilon.
  5607 | D:5      | Noticed Edmund
  5620 | D:5      | Killed Edmund
  5620 | D:5      | Gained mutation: You have sharp fingernails. [demonic ancestry]
  5620 | D:5      | Reached XP level 8. HP: 61/61 MP: 8/8
  5800 | D:6      | Reached skill level 6 in Axes
  6230 | D:6      | Identified a -2 rod of clouds (13/13) (You found it on level 6 of the Dungeon)
  6862 | D:7      | Reached **** piety under Trog
  6866 | D:7      | Received a gift from Trog
  6993 | D:7      | Found a sand-covered staircase.
  7083 | Ossuary  | Entered an ossuary
  7194 | Ossuary  | Identified a scroll of acquirement
  7230 | Ossuary  | Reached skill level 5 in Fighting
  7230 | Ossuary  | Gained mutation: You are partially covered in iridescent scales. (AC +2) [demonic ancestry]
  7230 | Ossuary  | Reached XP level 9. HP: 56/68 MP: 9/9
  7486 | D:7      | Found a staircase to the Ecumenical Temple.
  7513 | D:7      | Reached skill level 7 in Axes
  7639 | D:7      | Found a hazy altar of Hepliaklqana.
  7718 | D:7      | Found a shattered altar of Ashenzari.
  7719 | D:7      | Found an iron altar of Okawaru.
  8221 | D:8      | Reached ***** piety under Trog
  8316 | D:8      | Found Neuhec's Food Boutique.
  8926 | D:9      | Paralysed by a hornet for 3 turns
  8933 | D:9      | Paralysed by a hornet for 2 turns
  9119 | D:9      | Noticed a troll
  9130 | D:9      | Killed a troll
  9252 | D:9      | Found a radiant altar of Vehumet.
  9265 | D:9      | Reached skill level 8 in Axes
  9287 | D:9      | Noticed Psyche
  9299 | D:9      | Killed Psyche
  9345 | D:9      | Noticed sheala's ghost (novice DECj)
  9361 | D:9      | Killed sheala's ghost
  9361 | D:9      | Reached XP level 10. HP: 82/82 MP: 8/10
  9531 | D:9      | Found a staircase to the Lair.
  9919 | D:9      | Reached skill level 10 in Fighting
  9951 | D:9      | Noticed a three-headed hydra
  9957 | D:9      | Killed a one-headed hydra
  9957 | D:9      | Reached skill level 9 in Axes
 10030 | D:9      | Noticed Joseph
 10041 | D:9      | Killed Joseph
 10094 | D:9      | Found an opulent altar of Gozag.
 10354 | Lair:1   | Entered Level 1 of the Lair of Beasts
 10449 | Lair:1   | Gained mutation: You may emit foul miasma when damaged in melee. [demonic ancestry]
 10449 | Lair:1   | Reached XP level 11. HP: 68/92 MP: 11/11
 10555 | Lair:1   | Noticed BogdanSil's ghost (novice DDHu)
 10579 | Lair:1   | Killed BogdanSil's ghost
 11008 | Lair:1   | Reached skill level 10 in Axes
 11498 | Lair:1   | Reached skill level 1 in Shields
 12564 | Lair:2   | Reached skill level 5 in Shields
 12961 | Lair:2   | Gained mutation: You frequently emit foul miasma when damaged in melee. [demonic ancestry]
 12961 | Lair:2   | Reached XP level 12. HP: 68/99 MP: 9/12
 13129 | Lair:2   | Reached skill level 11 in Axes
 14619 | Lair:3   | Found a hole to the Spider Nest.
 15621 | Lair:4   | Found a staircase to the Swamp.
 16273 | Lair:5   | Noticed a death yak
 16274 | Lair:5   | Noticed an eight-headed hydra
 16275 | Lair:5   | Noticed a death yak
 16275 | Lair:5   | Noticed a death yak
 16407 | Lair:4   | Killed a four-headed hydra
 16412 | Lair:4   | Killed a death yak
 16540 | Lair:5   | Killed a death yak
 16542 | Lair:5   | Noticed a death yak
 16543 | Lair:5   | Noticed a death yak
 16545 | Lair:5   | Noticed a death yak
 16554 | Lair:5   | Killed a death yak
 16554 | Lair:5   | Killed a death yak
 16564 | Lair:5   | Killed a death yak
 16564 | Lair:5   | Reached XP level 13. HP: 105/105 MP: 13/13
 16568 | Lair:5   | Reached skill level 12 in Axes
 16568 | Lair:5   | Reached skill level 10 in Shields
 17360 | Lair:6   | Entered Level 6 of the Lair of Beasts
 18096 | Lair:6   | Found a viscous altar of Jiyva.
 18096 | Lair:6   | Found a staircase to the Slime Pits.
 18652 | Lair:6   | Noticed a fire dragon
 18686 | Lair:6   | Killed a fire dragon
 18892 | Lair:6   | Identified Ziow's Tome of Translocation and Poison
 19105 | Lair:6   | Found a runed door.
 19135 | Lair:6   | Received a gift from Trog
 19379 | Lair:6   | Paralysed by a hornet for 2 turns
 19433 | Lair:6   | Paralysed by a hornet for 3 turns
 19674 | Lair:6   | Noticed a fire dragon
 19686 | Lair:6   | Killed a fire dragon
 19921 | D:10     | Entered Level 10 of the Dungeon
 20089 | D:10     | Reached skill level 10 in Armour
 20857 | D:11     | Found an opulent altar of Gozag.
 20922 | D:11     | Reached skill level 13 in Axes
 20934 | D:11     | Gained mutation: You are mostly covered in iridescent scales. (AC +4) [demonic ancestry]
 20934 | D:11     | Reached XP level 14. HP: 69/111 MP: 14/14
 21339 | D:12     | Received a gift from Trog
 21507 | D:12     | Found a staircase to the Orcish Mines.
 22227 | Orc:1    | Entered Level 1 of the Orcish Mines
 22229 | Orc:1    | Noticed Josephine
 22244 | Orc:1    | Killed Josephine
 22257 | Orc:1    | Noticed Gastronok
 22269 | Orc:1    | Killed Gastronok
 22339 | Orc:1    | Found Taxzio's Book Emporium.
 22395 | Orc:1    | Found Deorech's Armour Boutique.
 22398 | Orc:1    | Found a roughly hewn altar of Beogh.
 22417 | Orc:1    | Found a frozen archway.
 22418 | Orc:1    | Noticed Harold
 22432 | Orc:1    | Received a gift from Trog
 22435 | Orc:1    | Killed Harold
 22447 | IceCv    | Entered an ice cave
 22535 | IceCv    | Received a gift from Trog
 22793 | IceCv    | Found an ancient bone altar of Kikubaaqudgha.
 23270 | Orc:1    | Found Fuva's Book Shop.
 23505 | Orc:2    | Entered Level 2 of the Orcish Mines
 23955 | Orc:2    | Reached ****** piety under Trog
 23961 | Orc:2    | Paralysed by an orc sorcerer for 2 turns
 23985 | Orc:2    | Found Nusoham's Weapon Boutique.
 23985 | Orc:2    | Found Ippab's Assorted Antiques.
 23991 | Orc:2    | Found Woppof's Antique Armour Boutique.
 23991 | Orc:2    | Found Sody's General Store.
 24216 | Orc:2    | Bought a pair of heavily runed boots for 294 gold pieces
 24216 | Orc:2    | Bought a dazzling shield for 294 gold pieces
 24219 | Orc:2    | Bought a scroll labeled YGEACW VAXIGA for 34 gold pieces
 24366 | Orc:2    | Identified the +3 pair of boots of Piso {+Blink Str+4} (You bought it in a shop on level 2 of the Orcish Mines)
 24376 | Orc:2    | Identified the +5 shield "Icluczed" {+Fly rElec rC+++ Str-2} (You bought it in a shop on level 2 of the Orcish Mines)
 24521 | Orc:2    | Found a staircase to the Elven Halls.
 24531 | Orc:2    | Found a roughly hewn altar of Beogh.
 24584 | Orc:2    | Noticed Rupert
 24603 | Orc:2    | Killed Rupert
 25014 | Orc:2    | Received a gift from Trog
 25109 | D:13     | Found Ungomoic's Armour Shoppe.
 25184 | D:13     | Noticed Sonja
 25190 | D:13     | Reached skill level 14 in Axes
 25203 | D:13     | Killed Sonja
 25388 | D:13     | Bought a +0 pair of boots of running for 472 gold pieces
 25456 | D:13     | Reached XP level 15. HP: 97/117 MP: 15/15
 25667 | D:13     | Found a gate to the Vaults.
 26043 | D:14     | Received a gift from Trog
 26536 | D:14     | Reached skill level 15 in Axes
 26555 | D:15     | Entered Level 15 of the Dungeon
 26591 | D:15     | Found a shattered altar of Ashenzari.
 26596 | D:15     | Noticed Azrael
 26612 | D:15     | Killed Azrael
 26781 | D:15     | Found a staircase to the Depths.
 27138 | D:15     | Noticed baghtru's ghost (journeyman HOFi)
 27157 | D:15     | Killed baghtru's ghost
 27527 | D:15     | Received a gift from Trog
 27821 | D:15     | Reached skill level 16 in Axes
 28566 | Swamp:1  | Entered Level 1 of the Swamp
 28609 | Swamp:1  | Received a gift from Trog
 28797 | Swamp:1  | Noticed a thorn hunter
 28812 | Swamp:1  | Killed a thorn hunter
 29349 | Swamp:2  | Reached XP level 16. HP: 114/124 MP: 16/16
 29780 | Swamp:2  | Found a snail-covered altar of Cheibriados.
 29973 | Swamp:3  | Reached skill level 17 in Axes
 30488 | Swamp:3  | HP: 9/186 [swamp dragon (1)]
 30490 | Swamp:3  | Succumbed to a swamp dragon's poison gas

Skill      XL: |  1  2  3  4  5  6  7  8  9 10 11 12 13 14 15 16 |
---------------+-------------------------------------------------+-----
Axes           | 3 4 5 6 8 9 10 11 13 14 16 17 | 17.2
Fighting       | 4 5 8 10 | 10.8
Armour         | 3 4 6 8 9 10 13 | 13.4
Shields        | 5 9 12 | 12.2
Dodging        | |  1.7

Action                   |  1- 3 |  4- 6 |  7- 9 | 10-12 | 13-15 | 16-18 || total
-------------------------+-------+-------+-------+-------+-------+-------++-------
Melee: Hand axe          |   149 |   301 |   536 |   731 |       |       ||  1717
       War axe           |       |       |       |   256 |   610 |       ||   866
       Broad axe         |       |       |       |       |   720 |   121 ||   841
Invok: Berserk           |     4 |     4 |    12 |    10 |     6 |     1 ||    37
       Trog's Hand       |       |     3 |     2 |     4 |    14 |     1 ||    24
  Use: Potion            |     1 |       |     6 |     4 |     4 |       ||    15
       Scroll            |       |    10 |     6 |     6 |    12 |       ||    34
 Stab: Distracted        |       |       |     4 |     4 |    20 |     2 ||    30
       Confused          |       |       |       |       |     1 |       ||     1
       Petrified         |       |       |       |       |     2 |       ||     2
  Eat: Chunk             |     6 |    15 |    13 |    33 |    47 |     1 ||   115
       Fruit             |       |       |     1 |       |       |       ||     1
       Meat ration       |       |       |     2 |       |     1 |       ||     3
       Royal jelly       |       |       |     1 |     1 |     1 |     2 ||     5
Armor: Animal skin       |    19 |       |       |       |       |       ||    19
       Chain mail        |    37 |   161 |    69 |       |       |       ||   267
       Pearl dragon scal |       |       |   237 |   595 |   450 |    67 ||  1349
       Skin              |       |       |       |    63 |       |       ||    63
Dodge: Dodged            |    93 |   117 |   236 |   452 |   311 |    43 ||  1252
Block: Buckler           |       |       |       |   150 |       |       ||   150
       Shield            |       |       |       |       |   760 |   116 ||   876
